[Event "*** Titled Tuesday Blitz"]
[Site "Chess.com"]
[Date "2020.11.10"]
[Round "8"]
[White "swimmerchess"]
[Black "nicoderboss24"]
[Result "1-0"]
[WhiteElo "2819"]
[BlackElo "2261"]
[TimeControl "180+1"]
[EndTime "11:31:05 PST"]
[Termination "swimmerchess won by resignation"]

1. e4 e5 2. Nf3 Nf6 3. Nxe5 Nxe4 4. Qe2 Qe7 5. Qxe4 d6 6. d4 dxe5 7. dxe5 Nc6 8. f4 f6 9. Nc3 fxe5 10.
Nd5 Qf7 11. Bc4 Be6 12. Nxc7+ Qxc7 13. Bxe6 Nd4 14. Bb3 O-O-O 15. O-O Bc5 16. Kh1 Rhe8 17. fxe5 Nxb3 18. axb3 Qxe5 19. Qg4+ Rd7 20. Bf4 Qe6 21. Qh5 g6 22. Qxc5+ 1-0

[Event "*** Titled Tuesday Blitz"]
[Site "Chess.com"]
[Date "2020.11.10"]
[Round "8"]
[White "Love_craft"]
[Black "Atousa1"]
[Result "1-0"]
[WhiteElo "2596"]
[BlackElo "2417"]
[TimeControl "180+1"]
[EndTime "11:31:07 PST"]
[Termination "Love_craft won by resignation"]

1. Nf3 d5 2. g3 Nf6 3. Bg2 c6 4. O-O Bg4 5. h3 Bh5 6. b3 Nbd7 7. Bb2 e6 8. d3 Be7 9. Nbd2 O-O 10. e4 a5 11. a4 Bxf3 12. Qxf3 e5 13. Qe2 Re8 14. f4 exf4 15. gxf4 dxe4 16. dxe4 Bc5+ 17. Kh1 Qe7 18. e5 Nd5 19. Nc4 b5 20. axb5 cxb5 21.
Bxd5 bxc4 22. Bxa8 Rxa8 23. Qxc4 Nf8 24. Qe4 Ne6 25.
Qxa8+ 1-0

[Event "*** Titled Tuesday Blitz"]
[Site "Chess.com"]
[Date "2020.11.10"]
[Round "8"]
[White "eCztery"]
[Black "Ave_Mariia"]
[Result "1-0"]
[WhiteElo "2325"]
[BlackElo "2513"]
[TimeControl "180+1"]
[EndTime "11:31:08 PST"]
[Termination "eCztery won by resignation"]

1. e4 c5 2. Nf3 d6 3. d4 cxd4 4.
Qxd4 Nc6 5. Bb5 Bd7 6. Bxc6 Bxc6 7. Nc3 Nf6 8. Bg5 e6 9. O-O-O Be7 10. Rhe1 Qa5 11. Kb1 Rc8 12. Qd2 b5 13. Bxf6 Bxf6 14. Qxd6 Bxc3 15. bxc3 Qxc3 16. Ne5 a5 17. a3 b4 18. Re3 1-0

[Event "*** Titled Tuesday Blitz"]
[Site "Chess.com"]
[Date "2020.11.10"]
[Round "8"]
[White "hungrycaterpillar4"]
[Black "Siemba"]
[Result "1-0"]
[WhiteElo "2625"]
[BlackElo "2445"]
[TimeControl "180+1"]
[EndTime "11:31:12 PST"]
[Termination "hungrycaterpillar4 won on time"]

1. e4 f5 2. exf5 Nf6 3. Nc3 d5 4. d4 Bxf5 5. Bd3 e6 6. Bxf5 exf5 7. Nge2 Bd6 8. O-O O-O 9. Nf4 c6 10. Ne6 Bxh2+ 11. Kh1 Qe8 12. Nxf8 Ng4 13. Qf3 1-0

[Event "*** Titled Tuesday Blitz"]
[Site "Chess.com"]
[Date "2020.11.10"]
[Round "8"]
[White "rasmussvane"]
[Black "lolo9292"]
[Result "1-0"]
[WhiteElo "2861"]
[BlackElo "2544"]
[TimeControl "180+1"]
[EndTime "11:31:13 PST"]
[Termination "rasmussvane won by resignation"]

1. Nf3 Nf6 2. g3 g6 3. Bg2 Bg7 4. O-O O-O 5. d4 d6 6. Re1 Bg4 7. h3 Bxf3 8. exf3 d5 9. f4 e6 10.
Nd2 c6 11. Nf3 Nbd7 12. b3 a6 13. Bb2 Ne4 14. Qe2 Re8 15. Ne5 Nd6 16. Rad1 f6 17. Nd3 Kh8 18. h4 Nf5 19. h5 Qe7 20. c4 Qf7 21. Bf3 Bh6 22. Kg2 g5 23. fxg5 Bxg5 24. Bg4 dxc4 25. bxc4 Nb6 26. Nc5 Ng7 27. Nxe6 Qe7 28.
d5 Nxe6 29. Bxe6 cxd5 30. cxd5 Rad8 31. Qg4 Qg7 32. d6 Bh6 33. Qf5 Rf8 34. d7 Na4 35. Ba3 b5 36. Bxf8 Qxf8 37. Bb3 Nc3 38. Re8 Rxe8 39.
dxe8=Q Qxe8 40. Qxf6+ Bg7 41. Qd8 Qf8 42. Qxf8+ Bxf8 43. Rd8 Kg7 44. h6+ Kxh6 45. Rxf8 1-0

[Event "*** Titled Tuesday Blitz"]
[Site "Chess.com"]
[Date "2020.11.10"]
[Round "8"]
[White "RobPeresian"]
[Black "WeAintSurePal"]
[Result "1/2-1/2"]
[WhiteElo "2453"]
[BlackElo "2305"]
[TimeControl "180+1"]
[EndTime "11:31:29 PST"]
[Termination "Game drawn - insufficient material"]

1. Nf3 Nf6 2. c4 e6 3. Nc3 Bb4 4. g4 d6 5. Qc2 Nc6 6. e3 e5 7.
h3 a5 8. a3 Bxc3 9. Qxc3 O-O 10. b3 Ne4 11. Qc2 f5 12. Bd3 Nxf2 13. Kxf2 e4 14. Be2 exf3 15. Bd3 Ne5 16. Bb2 Qh4+ 17. Kf1 fxg4 18. Bxe5 dxe5 19. Bxh7+ Qxh7 20. Qxh7+ Kxh7 21. hxg4+ Kg6 22. Kf2 Bxg4 23. Rag1 Kf5 24. e4+ Kxe4 25. Rh4 Rf4 26. Rhxg4 Rxg4 27. Rxg4+ Kd3 28. Rxg7 Kxd2 29. Kxf3 Rc8 30. Ke4 Kc3 31. Rg3+ Kb2 32. b4 axb4 33. axb4 Re8 34. Rg7 Kb3 35. Rxc7 Kxb4 36. Rxb7+ Kxc4 37.
Rc7+ Kb5 38. Rc1 Re7 39. Rc2 Kb4 40. Rc1 Kb3 41. Rc5 Kb4 42. Rxe5 Rxe5+ 43. Kxe5 1/2-1/2

[Event "*** Titled Tuesday Blitz"]
[Site "Chess.com"]
[Date "2020.11.10"]
[Round "8"]
[White "124chess"]
[Black "Mr_Heisenberg13"]
[Result "1-0"]
[WhiteElo "2718"]
[BlackElo "2485"]
[TimeControl "180+1"]
[EndTime "11:31:30 PST"]
[Termination "124chess won by resignation"]

1. c4 Nf6 2. Nc3 e6 3. d4 d5 4. cxd5 exd5 5. Bg5 c6 6. e3 Be7 7. Bd3 O-O 8. Nf3 Re8 9. O-O Nbd7 10. Qc2 Nf8 11. Rab1 a5 12. a3 Ng6 13. b4 axb4 14.
axb4 Bg4 15. Nd2 Qd7 16. b5 h6 17. Bxf6 Bxf6 18. bxc6 bxc6 19. Na4 Nh4 20. Nc5 Qc8 21.
Rfc1 Bg5 22. Bf1 Bf5 23. Nd3 Re6 24. g3 Ng6 25. Nf3 Be4 26. Nd2 h5 27. Bh3 f5 28.
Nxe4 dxe4 29. Nc5 Rf6 30. Nxe4 1-0

[Event "*** Titled Tuesday Blitz"]
[Site "Chess.com"]
[Date "2020.11.10"]
[Round "8"]
[White "Chess2019Player"]
[Black "akanga001"]
[Result "0-1"]
[WhiteElo "2222"]
[BlackElo "1947"]
[TimeControl "180+1"]
[EndTime "11:31:33 PST"]
[Termination "akanga001 won by resignation"]

1. b3 Nf6 2. Bb2 d5 3. Nf3 e6 4.
e3 Be7 5. Be2 c5 6. Ne5 Nc6 7.
d3 Nxe5 8. Bxe5 Bd6 9. Bxd6 Qxd6 10. O-O O-O 11. Nd2 e5 12. e4 b6 13. exd5 Nxd5 14. Bf3 Bb7 15. Ne4 Qe7 16. Qd2 f5 17. Nc3 Nxc3 18. Bxb7 Qxb7 19. Qxc3 Rae8 20. Rae1 e4 21. dxe4 fxe4 22. Re3 Qd5 23. Rfe1 Rf7 24. f3 Rfe7 25. Qc4 Qxc4 26. bxc4 Kf7 27. Rxe4 Rxe4 28. Rxe4 Rd8 29.
Re5 Rd2 30. Rd5 Rxc2 31. Rd7+ Kf6 32. Rxa7 Rxc4 33. Kf2 Rc2+ 34. Kg3 c4 35. a4 c3 36. Ra6 Rb2 37. Ra7 c2 38. Rc7 Ra2 39. Kf4 Rxa4+ 0-1

[Event "*** Titled Tuesday Blitz"]
[Site "Chess.com"]
[Date "2020.11.10"]
[Round "8"]
[White "PattyCastillo"]
[Black "rududuyk"]
[Result "1-0"]
[WhiteElo "1984"]
[BlackElo "2155"]
[TimeControl "180+1"]
[EndTime "11:31:33 PST"]
[Termination "PattyCastillo won by resignation"]

1. d4 e6 2. Nf3 f5 3. e3 Nf6 4. Bd3 b6 5. b3 Bb7 6. Bb2 Be7 7. Nbd2 a5 8. O-O O-O 9. c4 Ne4 10. Qc2 Nxd2 11. Nxd2 Qe8 12. e4 f4 13. d5 Qh5 14.
Nf3 Na6 15. a3 Nc5 16. Be2 Qg6 17. b4 axb4 18. axb4 Na6 19. Qd2 Bxb4 20. Qd4 Bc5 21. Qd1 Nb4 22. Rxa8 Rxa8 23. Ne5 Qe8 24. Bh5 Qe7 25.
Bf7+ Kf8 26. Qh5 d6 27. Ng6+ hxg6 28. Bxg6 1-0

[Event "*** Titled Tuesday Blitz"]
[Site "Chess.com"]
[Date "2020.11.10"]
[Round "8"]
[White "SantoBlue"]
[Black "AlexeiShirov"]
[Result "0-1"]
[WhiteElo "2911"]
[BlackElo "2820"]
[TimeControl "180+1"]
[EndTime "11:31:35 PST"]
[Termination "AlexeiShirov won by resignation"]

1. e4 e5 2. Nf3 Nc6 3. Bb5 a6 4. Ba4 Nf6 5. O-O b5 6. Bb3 Bc5 7. Nc3 O-O 8. Nd5 d6 9. c3 h6 10. d4 Ba7 11. Nxf6+ Qxf6 12. Bd5 Bd7 13. a4 Bb6 14. Be3 Rab8 15. Bxc6 Bxc6 16. a5 exd4 17. axb6 dxe3 18. bxc7 Ra8 19. fxe3 Qe7 20. Nd4 Bxe4 21. Qg4 f5 22. Qg6 Rf6 23. Rxa6 Rxg6 24. Rxa8+ Kf7 25. c8=Q Rxg2+ 26. Kh1 Rxh2+ 0-1

[Event "*** Titled Tuesday Blitz"]
[Site "Chess.com"]
[Date "2020.11.10"]
[Round "8"]
[White "RaneshRatnesan"]
[Black "AntonovaNadezhda"]
[Result "1-0"]
[WhiteElo "2092"]
[BlackElo "2118"]
[TimeControl "180+1"]
[EndTime "11:31:36 PST"]
[Termination "RaneshRatnesan won by resignation"]

1. d4 Nf6 2. Bg5 g6 3. Bxf6 exf6 4. g3 c5 5. Bg2 cxd4 6. Qxd4 Bg7 7. c3 O-O 8. Nf3 f5 9. Qd1 d5 10. e3 Nc6 11. Nbd2 Be6 12. O-O Ne7 13. Nb3 Nc8 14.
Nfd4 Nd6 15. Rc1 Ne4 16. Qd3 b6 17. Nd2 Qd7 18. N2f3 Rac8 19. Rfd1 Rc7 20. Nb5 Rc4 21. b3 Rc6 22. c4 Rd8 23. Nfd4 dxc4 24. bxc4 Rcc8 25.
Qb3 Qe7 26. a4 Nc5 27. Qa2 a6 28. Nc3 Rc7 29. Nd5 Bxd5 30. cxd5 Rcd7 31. Nc6 Qd6 32.
Nxd8 Rxd8 33. a5 b5 34. Qa3 Ne4 35. Qxd6 Rxd6 36. Rc6 Rd7 37. Bxe4 fxe4 38. Rxa6 b4 39. Rb6 Bc3 40. a6 Kg7 41. Rb7 Rd8 42. a7 Ra8 43. d6 Bf6 44. d7 Bd8 45. Rb8 1-0

[Event "*** Titled Tuesday Blitz"]
[Site "Chess.com"]
[Date "2020.11.10"]
[Round "8"]
[White "GM_LOADING"]
[Black "Legendinunknown"]
[Result "1-0"]
[WhiteElo "2490"]
[BlackElo "2693"]
[TimeControl "180+1"]
[EndTime "11:31:39 PST"]
[Termination "GM_LOADING won by resignation"]

1. Nf3 Nf6 2. g3 g6 3. Bg2 Bg7 4. c4 O-O 5. O-O d6 6. d4 Nbd7 7. Nc3 e5 8. b3 Re8 9. e4 exd4 10. Nxd4 Nc5 11. Re1 Bd7 12. Bb2 Qc8 13. Qc2 Bh3 14. Rad1 Bxg2 15. Kxg2 Ng4 16. Nd5 c6 17. Nf4 Be5 18.
Nd3 Nxd3 19. Rxd3 Bg7 20. Nf3 Ne5 21. Nxe5 dxe5 22. Red1 Qg4 23. Rd7 b5 24. h3 Qg5 25.
Qe2 b4 26. R1d6 Rac8 27. h4 Qh5 28. Qxh5 gxh5 29. Rxa7 Ra8 30. Rdd7 Rxa7 31. Rxa7 Rd8 32. Bc1 Rd1 33. Ra8+ 1-0

[Event "*** Titled Tuesday Blitz"]
[Site "Chess.com"]
[Date "2020.11.10"]
[Round "8"]
[White "lacafi"]
[Black "Sergienko_Sergey"]
[Result "1-0"]
[WhiteElo "2142"]
[BlackElo "2275"]
[TimeControl "180+1"]
[EndTime "11:31:43 PST"]
[Termination "lacafi won by checkmate"]

1. d4 Nf6 2. Nf3 e6 3. e3 b6 4.
Bd3 Bb7 5. Nbd2 c5 6. Qe2 Be7 7. c3 O-O 8. O-O d6 9. e4 cxd4 10. cxd4 Nbd7 11. e5 Nd5 12. Ne4 dxe5 13. dxe5 h6 14.
Rd1 Qc7 15. Ng3 Nb4 16. Be4 Bxe4 17. Qxe4 Rfd8 18. Bxh6 gxh6 19. Qg4+ Kh7 20. Nh5 Rg8 21. Qe4+ Kh8 22. Rac1 Qd8 23. Qf4 Nd5 24. Qxh6# 1-0

[Event "*** Titled Tuesday Blitz"]
[Site "Chess.com"]
[Date "2020.11.10"]
[Round "8"]
[White "Ladislav1969"]
[Black "MoreChessJulia"]
[Result "1/2-1/2"]
[WhiteElo "2269"]
[BlackElo "2097"]
[TimeControl "180+1"]
[EndTime "11:31:44 PST"]
[Termination "Game drawn by repetition"]

1. e4 c5 2. d4 cxd4 3. c3 d5 4. exd5 Qxd5 5. cxd4 e6 6. Nf3 a6 7. Nc3 Qd6 8. Bc4 Nf6 9. O-O b5 10. Bb3 Bb7 11. Ne5 Be7 12. Re1 O-O 13. Nxf7 Rxf7 14.
Bxe6 Nbd7 15. Qb3 Rf8 16. g3 Qb4 17. Bxf7+ Rxf7 18. Qxb4 Bxb4 19. a4 bxa4 20. Rxa4 Bf8 21. Bf4 Nb6 22. Raa1 Nfd5 23. Be5 Nxc3 24. bxc3 Nc4 25.
Re2 Nxe5 26. Rxe5 Rc7 27. Rc1 g6 28. Re8 Kf7 29. Rb8 Bd5 30. Rb6 Bc4 31. f4 Bg7 32. Kf2 Bb5 33. Ke3 Re7+ 34. Kf3 Rc7 35. Ke3 Re7+ 36.
Kf3 Rc7 37. Ke3 1/2-1/2

[Event "*** Titled Tuesday Blitz"]
[Site "Chess.com"]
[Date "2020.11.10"]
[Round "8"]
[White "Meri-Arabidze"]
[Black "ural58"]
[Result "1-0"]
[WhiteElo "2623"]
[BlackElo "2388"]
[TimeControl "180+1"]
[EndTime "11:31:45 PST"]
[Termination "Meri-Arabidze won by resignation"]

1. d4 d5 2. c4 e5 3. dxe5 d4 4. Nf3 Nc6 5. Nbd2 a5 6. g3 Bf5 7.
Bg2 Qd7 8. O-O Bc5 9. Nb3 Ba7 10. Bf4 h6 11. Rc1 a4 12. Na1 Bc5 13. Nc2 g5 14. Bd2 Nge7 15. b4 axb3 16. axb3 d3 17. exd3 Qxd3 18. Ne3 Bg6 19. Rc3 Qd7 20. Nd5 O-O-O 21. Qa1 Nb8 22. Qa8 Nc6 23. b4 Nxb4 24. Rb3 Be4 25.
Bxb4 Bxb4 26. Rxb4 Qc6 27. Ne7+ 1-0

[Event "*** Titled Tuesday Blitz"]
[Site "Chess.com"]
[Date "2020.11.10"]
[Round "8"]
[White "DinaBelenkaya"]
[Black "ehrenfeld"]
[Result "1-0"]
[WhiteElo "2334"]
[BlackElo "2470"]
[TimeControl "180+1"]
[EndTime "11:31:48 PST"]
[Termination "DinaBelenkaya won by resignation"]

1. e4 d6 2. d4 g6 3. Nc3 Bg7 4. Nf3 Nf6 5. Be2 O-O 6. O-O e6 7. h3 Nc6 8. Re1 b6 9. a4 Bb7 10. Bg5 h6 11. Bh4 g5 12. Bg3 Nh5 13. Bh2 Nf4 14. Bf1 e5 15. d5 Ne7 16. g3 Nfg6 17. Nd2 a6 18. Be2 Bc8 19. Bg4 f5 20. exf5 Bxf5 21.
Bxf5 Nxf5 22. Nce4 Qd7 23. c3 Rf7 24. Qg4 Raf8 25. h4 Bf6 26. hxg5 Bxg5 27. Nxg5 hxg5 28. Ne4 Rg7 29. Nxg5 Qe7 30. Ne6 Nh6 31. Qh5 Qf7 32.
Nxf8 Kxf8 33. Qxh6 1-0

[Event "*** Titled Tuesday Blitz"]
[Site "Chess.com"]
[Date "2020.11.10"]
[Round "8"]
[White "NikolaGry"]
[Black "yobdc"]
[Result "1-0"]
[WhiteElo "2639"]
[BlackElo "2440"]
[TimeControl "180+1"]
[EndTime "11:31:51 PST"]
[Termination "NikolaGry won by resignation"]

1. b3 e5 2. Bb2 Nc6 3. c4 Nf6 4. e3 d5 5. cxd5 Nxd5 6. a3 Bd6 7. d3 O-O 8. Nf3 f5 9. Nbd2 Kh8 10. Be2 Qe8 11. Qc2 Be6 12. O-O Qg6 13. Kh1 Rae8 14.
b4 a6 15. Rac1 Qh6 16. Qb1 Bd7 17. g3 f4 18. gxf4 exf4 19. e4 Nf6 20. Rg1 Ng4 21. Rg2 Nce5 22. Rcg1 Rf7 23. d4 Nxf3 24. Nxf3 Bc6 25.
d5 Bxd5 26. exd5 Rxe2 27. Rxg4 Rxf2 28. Bxg7+ Rxg7 29. Rxg7 Qxg7 30. Rxg7 Kxg7 31. Qg1+ 1-0

[Event "*** Titled Tuesday Blitz"]
[Site "Chess.com"]
[Date "2020.11.10"]
[Round "8"]
[White "ailime26"]
[Black "tylityli"]
[Result "0-1"]
[WhiteElo "1968"]
[BlackElo "2250"]
[TimeControl "180+1"]
[EndTime "11:31:59 PST"]
[Termination "tylityli won by resignation"]

1. e4 e5 2. Nf3 Nc6 3. Nc3 Nf6 4. d4 exd4 5. Nxd4 Bb4 6. Nxc6 bxc6 7. Bd3 d5 8. exd5 cxd5 9. O-O O-O 10. Bg5 Be7 11. Qf3 c6 12. Rae1 Rb8 13. b3 h6 14.
Bxf6 Bxf6 15. Ne2 Rb4 16. Nf4 Bg5 17. Nh3 Bg4 18. Qg3 Bh4 19. Qe3 Qb6 20. Qxb6 Rxb6 21. Re3 Bf6 22. Rg3 Bd7 23. Nf4 Be5 24. Rf3 g6 25. Bxg6 fxg6 26. Nxg6 Rxf3 27. gxf3 Bd6 28. f4 Kf7 29. Nh4 Bxf4 0-1

[Event "*** Titled Tuesday Blitz"]
[Site "Chess.com"]
[Date "2020.11.10"]
[Round "8"]
[White "paulrusan"]
[Black "Praslov"]
[Result "1-0"]
[WhiteElo "2227"]
[BlackElo "2387"]
[TimeControl "180+1"]
[EndTime "11:32:01 PST"]
[Termination "paulrusan won by checkmate"]

1. e4 c6 2. d4 d5 3. f3 Qb6 4. Nc3 dxe4 5. fxe4 e5 6. Nf3 exd4 7. Nxd4 Bc5 8. Na4 Qa5+ 9. c3 Be7 10. Be3 b5 11. Nxb5 cxb5 12. Qd5 Bd7 13. Qxa8 Qc7 14.
Bxa7 bxa4 15. Bxb8 Qc8 16. Ba6 Qd8 17. O-O-O a3 18. Bb5 axb2+ 19. Kxb2 Nf6 20. e5 O-O 21. exf6 Qxb8 22. Qxb8 Rxb8 23. fxe7 Rxb5+ 24. Ka3 Ra5+ 25. Kb4 Ra4+ 26. Kb3 Ra7 27. Rxd7 Rxd7 28. e8=Q# 1-0

[Event "*** Titled Tuesday Blitz"]
[Site "Chess.com"]
[Date "2020.11.10"]
[Round "8"]
[White "dennisodessa"]
[Black "Blitzking642"]
[Result "1/2-1/2"]
[WhiteElo "2452"]
[BlackElo "2294"]
[TimeControl "180+1"]
[EndTime "11:32:02 PST"]
[Termination "Game drawn by repetition"]

1. c4 c5 2. g3 g6 3. Bg2 Bg7 4. Nf3 Nc6 5. O-O e6 6. e3 Nge7 7. Nc3 O-O 8. d4 cxd4 9. Nxd4 Nxd4 10. exd4 d5 11. cxd5 Nxd5 12. Nxd5 exd5 13. Be3 Be6 14. Qb3 Qd7 15. Rfc1 Rfc8 16. Rc5 Rxc5 17. dxc5 d4 18. Qxb7 Qxb7 19. Bxb7 Rb8 20. c6 dxe3 21. Re1 exf2+ 22. Kxf2 Bd4+ 23. Kg2 Bd5+ 24. Kh3 Rxb7 25. cxb7 Bxb7 26. b3 Kf8 27. Rc1 Bb6 28. Rc3 Ke7 29. Rc1 h5 30. Rd1 Bc8+ 31. Kg2 Bb7+ 32. Kh3 Bc8+ 33. Kg2 Bb7+ 34.
Kh3 1/2-1/2

[Event "*** Titled Tuesday Blitz"]
[Site "Chess.com"]
[Date "2020.11.10"]
[Round "8"]
[White "Manukyan_Artak"]
[Black "Marcin"]
[Result "1-0"]
[WhiteElo "2358"]
[BlackElo "2470"]
[TimeControl "180+1"]
[EndTime "11:32:04 PST"]
[Termination "Manukyan_Artak won by resignation"]

1. e4 c5 2. Nf3 e6 3. c3 Nf6 4. e5 Nd5 5. d4 cxd4 6. cxd4 b6 7.
Nc3 Nxc3 8. bxc3 Bb7 9. Bd3 Qc7 10. O-O d6 11. Bf4 Nd7 12. Re1 h6 13. Rc1 a6 14. h4 dxe5 15. Nxe5 Bd6 16. Qg4 Kf8 17. Re3 Nxe5 18. dxe5 Bc5 19. Rg3 g6 20. h5 g5 21.
Bxg5 hxg5 22. Qxg5 Ke8 23. h6 Qe7 24. Qg7 Kd7 25. h7 Kc7 26. Re1 Raf8 27. Be4 Bxe4 28. Rxe4 Qd7 29. Rf4 Qd1+ 30. Kh2 Qh5+ 31. Rh3 Qg6 32.
Rg4 Qxg7 33. Rxg7 Bxf2 34. Rf3 Bc5 35. Rfxf7+ Rxf7 36.
Rxf7+ Kc6 37. g4 Kd5 38. g5 Kxe5 39. g6 Bf8 40. Rxf8 Rxf8 41. g7 1-0

[Event "*** Titled Tuesday Blitz"]
[Site "Chess.com"]
[Date "2020.11.10"]
[Round "8"]
[White "sjam6687"]
[Black "Hasangatin_Ramil"]
[Result "1-0"]
[WhiteElo "2721"]
[BlackElo "2561"]
[TimeControl "180+1"]
[EndTime "11:32:05 PST"]
[Termination "sjam6687 won by checkmate"]

1. e4 d5 2. exd5 Qxd5 3. Nc3 Qd6 4. Nf3 Nf6 5. d4 c6 6. Bd3 Bg4 7. Be3 Nbd7 8. h3 Bh5 9. O-O e6 10. Re1 Be7 11. g4 Bg6 12. Ne5 Nxe5 13. dxe5 Qxe5 14.
Bh6 Qd6 15. Bxg7 Rg8 16. Bxf6 Bxf6 17. Bxg6 Qxd1 18. Bxf7+ Kxf7 19. Raxd1 Bxc3 20. bxc3 Rad8 21. Rd4 Rd5 22. Red1 Rgd8 23. Rxd5 cxd5 24. f4 Rc8 25. Rd3 Rc4 26. f5 Ra4 27. fxe6+ Kxe6 28. g5 Rxa2 29. Rf3 Rxc2 30. Rf6+ Ke5 31. Rf7 Rxc3 32. h4 Rb3 33.
Rxh7 a5 34. Kf2 a4 35. g6 Kf6 36. h5 a3 37. Rf7+ Ke6 38. Rf8 a2 39. g7 a1=Q 40. g8=Q+ Kd6 41. Rd8+ Kc7 42. Rc8+ Kb6 43. Qd8+ Kb5 44.
Qxd5+ Kb4 45. Qc5+ Ka4 46. Ra8# 1-0

[Event "*** Titled Tuesday Blitz"]
[Site "Chess.com"]
[Date "2020.11.10"]
[Round "8"]
[White "Anna_ChessMate"]
[Black "Savva09022009"]
[Result "0-1"]
[WhiteElo "2600"]
[BlackElo "2437"]
[TimeControl "180+1"]
[EndTime "11:32:07 PST"]
[Termination "Savva09022009 won by resignation"]

1. d4 Nf6 2. c4 e6 3. Nf3 d5 4. Nc3 dxc4 5. e4 b5 6. e5 Nd5 7. Nxb5 Nb6 8. Bg5 Be7 9. Qd2 Nc6 10. Bxe7 Qxe7 11. Rc1 O-O 12. Bxc4 Nxc4 13. Rxc4 Bb7 14.
O-O a6 15. Na3 Na7 16. Rfc1 Rac8 17. Qc3 h6 18. Rxc7 Rxc7 19. Qxc7 Rc8 20. Qxc8+ Nxc8 21. h3 Nb6 22. Rc3 Nd5 23. Rb3 Nf4 24. Nc4 Bxf3 25. Rxf3 Ne2+ 26. Kh2 Nxd4 27. Rd3 Qc5 28. b3 Nc6 29. f4 Qf2 30. Rf3 Qxa2 31. Rd3 Qc2 32. Rg3 Nd4 33. Nd6 Nf5 34. Nxf5 Qxf5 35. Re3 Qxf4+ 0-1

[Event "*** Titled Tuesday Blitz"]
[Site "Chess.com"]
[Date "2020.11.10"]
[Round "8"]
[White "Chessdude1987"]
[Black "Sergey85Rodchenkov"]
[Result "0-1"]
[WhiteElo "2287"]
[BlackElo "2461"]
[TimeControl "180+1"]
[EndTime "11:32:08 PST"]
[Termination "Sergey85Rodchenkov won by resignation"]

1. e4 c5 2. b3 d5 3. exd5 Qxd5 4. Nc3 Qd8 5. Nf3 Nf6 6. Bc4 Nc6 7. O-O e6 8. Bb2 Be7 9. Qe2 O-O 10. Ne4 b6 11. Nfg5 Bb7 12. Bxe6 fxe6 13. Nxe6 Qd5 14. Nc3 Nd4 15.
Nxd5 Nxe2+ 16. Kh1 Bxd5 17. Nxf8 Bxf8 18. f3 Nd4 19. c3 Nc6 20. Rae1 Rd8 21. Re3 Bf7 22. Re2 Nd5 23. g3 a5 24. Rfe1 a4 25. bxa4 Ra8 26. c4 Ndb4 27. Re3 Nc2 0-1

[Event "*** Titled Tuesday Blitz"]
[Site "Chess.com"]
[Date "2020.11.10"]
[Round "8"]
[White "novocane"]
[Black "TST2014"]
[Result "0-1"]
[WhiteElo "2284"]
[BlackElo "2485"]
[TimeControl "180+1"]
[EndTime "11:32:08 PST"]
[Termination "TST2014 won on time"]

1. d4 Nf6 2. c4 c5 3. d5 b5 4. cxb5 a6 5. f3 axb5 6. e4 Qa5+ 7. Bd2 b4 8. Na3 d6 9. Nc4 Qc7 10. a3 bxa3 11. Rxa3 Rxa3 12. bxa3 Nbd7 13. Bd3 g6 14. Ne2 Bg7 15. Na5 O-O 16. Nc6 Nb8 17. Nxb8 Qxb8 18. O-O Qa7 19. Kh1 Qxa3 20. Bg5 Ba6 21. Bxa6 Qxa6 22.
Qc2 Rb8 23. h4 h5 24. Nc3 Qc4 25. Rc1 Kf8 26. Ne2 Qb4 27. Nf4 Qb2 28. Qxb2 Rxb2 29. Nd3 Rb3 0-1

[Event "*** Titled Tuesday Blitz"]
[Site "Chess.com"]
[Date "2020.11.10"]
[Round "8"]
[White "ChristopherYoo"]
[Black "Ermito2020"]
[Result "0-1"]
[WhiteElo "2819"]
[BlackElo "2605"]
[TimeControl "180+1"]
[EndTime "11:32:15 PST"]
[Termination "Ermito2020 won by resignation"]

1. Nf3 e6 2. c4 f5 3. d4 Nf6 4.
Nc3 Be7 5. g3 O-O 6. Bg2 d5 7. O-O c6 8. Bf4 Ne4 9. Ne5 Nd7 10. Rc1 Ndf6 11. Nxe4 fxe4 12. f3 exf3 13. Bxf3 Bd7 14. Qd3 Be8 15. Bg2 Bd6 16. Bh3 Qe7 17.
Qe3 Bh5 18. Nxc6 bxc6 19. Qxe6+ Bf7 20. Qxd6 Qxe2 21. Qe5 Qxb2 22. Bh6 Rae8 23. Qg5 Qxd4+ 24. Kh1 Bg6 25. Rcd1 gxh6 26. Qxg6+ hxg6 27. Rxd4 Re4 28. Rxe4 Nxe4 29. Be6+ Kg7 30. Rxf8 Kxf8 31. cxd5 Nc5 32. Bh3 cxd5 33. Kg2 Ke7 34. Kf3 Kd6 35. Kf4 Nd3+ 36.
Ke3 Nb4 37. a4 Ke5 38. Bg2 a5 39. Bf3 Nc2+ 40. Kd3 Nd4 41. Bg2 Ne6 42. Kc3 Nc5 0-1

[Event "*** Titled Tuesday Blitz"]
[Site "Chess.com"]
[Date "2020.11.10"]
[Round "8"]
[White "BegmuratovKh2010"]
[Black "temus_galaktionov"]
[Result "1-0"]
[WhiteElo "2470"]
[BlackElo "2611"]
[TimeControl "180+1"]
[EndTime "11:32:15 PST"]
[Termination "BegmuratovKh2010 won by checkmate"]

1. d4 c6 2. c4 g6 3. Nf3 Bg7 4. g3 d6 5. Bg2 Nd7 6. O-O Ngf6 7. Nc3 O-O 8. e4 e5 9. d5 c5 10. Ne1 Ne8 11. Nd3 f5 12. f3 h5 13. f4 Qe7 14.
exf5 gxf5 15. fxe5 dxe5 16. Qxh5 Nd6 17. Bh6 Bxh6 18. Qxh6 Nxc4 19. d6 Nxd6 20. Nd5 Qg7 21. Qxd6 c4 22. Nc5 Nxc5 23. Qxc5 Be6 24. Qd6 Bxd5 25. Qxd5+ Kh7 26. Qxc4 Rac8 27. Qh4+ Kg6 28. Rad1 Rf6 29. g4 Rc7 30. Qh5# 1-0

[Event "*** Titled Tuesday Blitz"]
[Site "Chess.com"]
[Date "2020.11.10"]
[Round "8"]
[White "Loy_Konstantin"]
[Black "Radzio1987"]
[Result "0-1"]
[WhiteElo "2382"]
[BlackElo "2756"]
[TimeControl "180+1"]
[EndTime "11:32:15 PST"]
[Termination "Radzio1987 won on time"]

1. e4 c6 2. d4 d5 3. exd5 cxd5 4. c4 Nf6 5. Nc3 e6 6. Nf3 Bb4 7. cxd5 Nxd5 8. Qc2 O-O 9. Bd3 h6 10. a3 Be7 11.
O-O Nc6 12. Rd1 Bf6 13. Qe2 Nxc3 14. bxc3 Qd5 15. Qe4 Qxe4 16. Bxe4 Rd8 17. Rb1 Na5 18. Bf4 Rd7 19. Rb4 Be7 20. Rb5 Nc4 21. a4 f6 22. Rdb1 g5 23. Bc1 Nd6 24. Bd3 Nxb5 25. Bxb5 Rc7 26. Bd2 Bd7 27. Bd3 Bxa4 28. Ra1 Bb3 29. h3 a5 0-1

[Event "*** Titled Tuesday Blitz"]
[Site "Chess.com"]
[Date "2020.11.10"]
[Round "8"]
[White "Evachess2006"]
[Black "Azoulas1"]
[Result "0-1"]
[WhiteElo "1625"]
[BlackElo "2067"]
[TimeControl "180+1"]
[EndTime "11:32:15 PST"]
[Termination "Azoulas1 won on time"]

1. e4 c5 2. c3 Nf6 3. e5 Nd5 4. d4 cxd4 5. Nf3 e6 6. cxd4 b6 7. Nc3 Nxc3 8. bxc3 Qc7 9. Qc2 d6 10. Bd3 Nd7 11. Bf4 dxe5 12. Nxe5 Bd6 13. Be4 Rb8 14. O-O Nxe5 15. Bxe5 Bxe5 16. dxe5 Bd7 17. Rfe1 h6 18. Bf3 O-O 19. Rab1 Rbc8 20. Re3 Bc6 21. Bxc6 Qxc6 22.
Rb3 Rfd8 23. h3 a5 24. a3 Rd5 25. Kh2 Qc5 26. Qe4 g6 27. c4 Rd4 28. Qb7 Rc6 29.
Qb8+ Kg7 30. Qa7 Rxc4 31. a4 Rxa4 32. Rbc3 Rc4 0-1

[Event "*** Titled Tuesday Blitz"]
[Site "Chess.com"]
[Date "2020.11.10"]
[Round "8"]
[White "MasterKroket"]
[Black "ecwinslow"]
[Result "1-0"]
[WhiteElo "2432"]
[BlackElo "2238"]
[TimeControl "180+1"]
[EndTime "11:32:16 PST"]
[Termination "MasterKroket won by checkmate"]

1. d4 Nf6 2. c4 e6 3. Nf3 c5 4. d5 exd5 5. cxd5 d6 6. Nc3 g6 7. e4 Bg7 8. h3 Nh5 9. Bd3 a6 10. a4 Nd7 11. O-O Ne5 12. Nxe5 Bxe5 13. Ne2 Qh4 14. f4 Bg7 15. Rf3 f5 16. exf5 gxf5 17.
Re3+ Kf7 18. Ra3 Bd7 19. Rb3 Rab8 20. Rb6 Qf6 21. Bd2 Rhe8 22. Bc3 Qh6 23. Rxe8 Kxe8 24. Qe1 Kd8 25. Qh4+ Kc7 26. Ba5 Kc8 27. Qe7 Bf8 28.
Rc6+ bxc6 29. Qd8+ Kb7 30. Qb6+ Kc8 31. Qc7# 1-0